 Dungeon Crawl Stone Soup version 0.31.0-32-g396128a36d (webtiles) character file.

Game seed: 14425119674363091327

49650 NotreDorf the Spry (level 14, -2/119 HPs)
             Began as a Merfolk Gladiator on Mar 21, 2024.
             Was a High Priest of Trog.
             Slain by a merfolk
             ... wielding a +0 halberd
             ... led by a merfolk impaler
              (21 damage)
             ... on level 1 of the Shoals.
             The game lasted 01:03:43 (18650 turns).

NotreDorf the Spry (Merfolk Gladiator)             Turns: 18650, Time: 01:03:44

Health: -2/119     AC: 15    Str: 24    XL:     14   Next: 51%
Magic:  14/14      EV: 21    Int:  9    God:    Trog [*****.]
Gold:   1116       SH:  0    Dex: 15    Spells: 13/13 levels left

rFire   . . .        l - +9 bardiche (heavy)
rCold   . . .        (shield currently unavailable)
rNeg    . . .        o - +2 robe {Will+}
rPois   +            c - +0 helmet
rElec   .            D - +2 cloak
rCorr   +            r - +1 Delatra's gloves {ID++}
SInv    .            n - +0 pair of boots
Will    ++...        (no amulet)
Stlth   ++++++       G - ring "Cepnir" {^Drain +Blink rPois rCorr Str+6}
HPRegen 0.39/turn    x - +4 ring of protection
MPRegen 0.14/turn

%: no passive effects
@: no status effects
A: (nimble swimmer 2), mertail
a: Renounce Religion, Evoke Blink, Berserk, Trog's Hand, Brothers in Arms


You were on level 1 of the Shoals.
You worshipped Trog.
Trog was extremely pleased with you.
You visited 4 branches of the dungeon, and saw 18 of its levels.

You collected 1116 gold pieces.

Inventory:

Hand Weapons
 b - a +1 demon trident of freezing
 l - a +9 heavy bardiche (weapon)
 q - the +6 shortbow "Ithid" {freeze, Fly}
   (You found it on level 10 of the Dungeon)

   Fly:       It grants you flight.
 s - a +2 glaive of flaming
 t - a +7 halberd of draining
Missiles
 d - 7 throwing nets (quivered)
 m - 4 silver javelins
Armour
 c - a +0 helmet (worn)
 n - a +0 pair of boots (worn)
 o - a +2 robe of willpower (worn)
 r - the +1 Delatra's gloves (worn) {ID++}
   (You found it on level 3 of the Dungeon)

   ID++:      It heals its wearer when they drink unknown potions, and restores
   their MP when they read unknown scrolls.
 y - a +2 kite shield
 D - a +2 cloak (worn)
Jewellery
 i - a ring of ice
 x - a +4 ring of protection (right hand)
 B - a +5 ring of evasion
 G - the ring "Cepnir" (left hand) {^Drain +Blink rPois rCorr Str+6}
   (You found it on level 11 of the Dungeon)

   [ring of resist corrosion]

   Str+6:     It affects your strength (+6).
   rPois:     It protects you from poison +Blink: It lets you blink.
   rCorr:     It protects you from acid and corrosion.
   ^Drain:    It drains your maximum health when unequipped.
 R - a ring of see invisible
Wands
 w - a wand of paralysis (3)
 C - a wand of roots (6)
 J - a wand of polymorph (3)
 N - a wand of quicksilver (13)
Scrolls
 e - 3 scrolls of teleportation
 f - a scroll of fog
 g - 9 scrolls of identify
 j - a scroll of fear
 k - 5 scrolls of poison
 p - 2 scrolls of butterflies
 v - a scroll of blinking
 A - 2 scrolls of enchant armour {unknown}
 F - a scroll of silence
Potions
 a - 5 potions of curing
 z - 2 potions of lignification
 H - a potion of cancellation
 I - a potion of berserk rage {unknown}
 K - 3 potions of invisibility
 L - a potion of attraction
 P - a potion of brilliance {unknown}
 Q - a potion of resistance {unknown}
 S - a potion of magic {unknown}
Miscellaneous
 h - a lightning rod (4/4)


   Skills:
 + Level 13.9 Fighting
 + Level 16.5 Polearms
 - Level 2.0 Throwing
 + Level 16.6 Dodging
 + Level 14.8 Stealth
 + Level 1.4 Shields


You had 13 spell levels left.
You didn't know any spells.
Your spell library contained the following spells:

 Spells                   Type           Power      Damage    Failure   Level
 Shock                    Conj/Air       0%         1d3       38%         1
 Summon Small Mammal      Summ           0%         N/A       38%         1
 Static Discharge         Conj/Air       0%         3-3/arc   52%         2
 Call Canine Familiar     Summ           0%         N/A       77%         3
 Swiftness                Air            0%         N/A       77%         3
 Volatile Blastmotes      Fire/Tloc      0%         2d10      77%         3
 Airstrike                Air            0%         2d(0-16)  99%         4
 Fulminant Prism          Conj/Alch      0%         3d5       99%         4
 Iskenderun's Mystic Bla  Conj/Tloc      0%         2d3       99%         4
 Summon Blazeheart Golem  Fire/Summ      0%         N/A       99%         4
 Summon Lightning Spire   Summ/Air       0%         N/A       99%         4


Dungeon Overview and Level Annotations

Branches:
Dungeon (11/15)            Temple (1/1) D:5            Lair (5/5) D:11
 Shoals (1/4) Lair:2       Spider (0/4) Lair:3        Slime (0/5) Lair:4
    Orc (0/2) D:11

Altars:
Ashenzari
Cheibriados
Dithmenos
Elyvilon
Fedhas
Gozag
Hepliaklqana
Kikubaaqudgha
Makhleb
Nemelex Xobeh
Okawaru
Qazlal
Ru
Sif Muna
Trog
Uskayaw
Vehumet
Wu Jian
Xom
Yredelemnul
Zin
The Shining One
Jiyva

Shops:
D:5 (

Annotations:
D:6 1 runed translucent door, Crazy Yiuf
D:11 4 runed translucent doors


Innate Abilities, Weirdness & Mutations

((You are very nimble when in or above water. (Stealth+, EV+, Speed+++)))
Your lower body shifts to a powerful aquatic tail in water.


Message History

The merfolk completely misses you.
The merfolk hits you from afar with a +0 halberd!
You are too injured to fight recklessly!
You are too injured to fight recklessly!
Reach: l) +9 bardiche (heavy)
Press: ? - help, Dir - move target, f/p - merfolk
Aim: a merfolk, wielding a +0 halberd (moderately wounded, about 32% to evade your +9 heavy bardiche)
You reach to attack!
You barely miss the merfolk.
The merfolk is moderately wounded.
The merfolk hits you from afar with a +0 halberd!
Reach: l) +9 bardiche (heavy)
Press: ? - help, Dir - move target, f/p - merfolk
Aim: a merfolk, wielding a +0 halberd (moderately wounded, about 32% to evade your +9 heavy bardiche)
You reach to attack!
You closely miss the merfolk.
The merfolk is moderately wounded.
The merfolk hits you from afar with a +0 halberd!
* * * LOW HITPOINT WARNING * * *
The skyshark closely misses you. The skyshark barely misses you.
The skyshark closely misses you. The merfolk barely misses you.
It was a potion of cancellation.
You feel magically purged.
The energy of discovery flows from your fingertips!
You feel much better. The skyshark bites you!
* * * LOW HITPOINT WARNING * * *
The skyshark tastes blood and grows stronger!
The skyshark tail-slaps you but does no damage. x2
The merfolk hits you from afar with a +0 halberd!
* * * LOW HITPOINT WARNING * * *
You barely miss the skyshark. The skyshark closely misses you.
The skyshark tail-slaps you but does no damage. x2
The merfolk hits you but does no damage.
The skyshark bites you but does no damage.
The skyshark closely misses you. The skyshark barely misses you.
The merfolk completely misses you.
You chop the skyshark into pieces!!!
The skyshark is severely wounded.
You hear a shout! x3
The skyshark bites you but does no damage.
The skyshark completely misses you. The skyshark misses you.
The merfolk hits you from afar with a +0 halberd!!
You die...

~~ ~..........## ~~~~.
........~....
~~...##....~~~~....
~~~...#...~~~~~..#.P
~~..../...~~~~~.##..
≈~~~~~~~..~~~~......
≈~~~~~~~...~~....... ...
≈≈≈~~...F..~~...# ..# ..#
..~~...m.@..~~..##..##..##
...~..#####<.~............
.~... ##.).#####...~~~
.m.. #...## #...~~≈ ...
###..####..~~≈≈ ..
#.......~~~~≈ ~
.###......≈≈≈.~~
.......~~~~≈≈≈)~~
~~....~~~~≈≈≈≈≈).


You could see a skyshark (strong) and a merfolk.

Vanquished Creatures
  A merfolk impaler (Shoals:1)
  A catoblepas (Lair:4)
  A boulder beetle (Lair:3)
  4 hydras
  2 merfolk avatars
  2 two-headed ogres
  4 death yaks (Lair:1)
  A fire crab (Lair:5)
  A skeletal warrior (D:11)
  4 skysharks
  A sea snake (Lair:4)
  A lindwurm (Lair:4)
  Pikel (D:7)
  5 harpies
  A meliai (Lair:3)
  3 manticores
  4 fauns (Shoals:1)
  6 elephants
  4 black mambas
  11 cane toads
  6 rime drakes
  A kobold demonologist (D:10)
  7 komodo dragons
  2 trolls (D:11)
  2 polar bears
  Grinder (D:3)
  13 blink frogs
  A hornet (D:9)
  A slime creature (D:5)
  A snapping turtle (Shoals:1)
  A wraith (D:8)
  37 yaks
  2 steam dragons
  4 basilisks
  6 wyverns
  Edmund (D:4)
  4 acid dragons
  10 water moccasins
  Duvessa (D:4)
  An ice beast (D:7)
  6 orc warriors
  A black bear (Lair:4)
  2 ogres
  A boggart (D:11)
  25 wolves
  8 centaurs
  A gnoll sergeant (D:9)
  7 kobold brigands
  7 bullfrogs
  3 scorpions
  11 wights
  Dowan (D:4)
  24 killer bees
  3 howler monkeys
  6 bombardier beetles
  5 hounds
  5 jellies
  2 gnoll boudas
  7 orc priests
  3 sleepcaps
  Jessica (D:3)
  3 iguanas
  2 scorpion zombies (D:6)
  9 orc wizards
  Natasha (thrice) (D:2)
  6 hell rats (Lair:2)
  3 howler monkey skeletons (D:6)
  7 adders
  20 gnolls
  4 white imps
  2 ufetubi (D:5)
  A ribbon worm (D:2)
  7 dart slugs
  37 orcs
  7 ball pythons
  11 endoplasms
  2 giant cockroaches
  6 goblins
  6 hobgoblins
  4 quokkas
  5 bats
  4 frilled lizards
  25 kobolds
  7 rats
470 creatures vanquished.

Vanquished Creatures (others)
  A yak (Lair:3)
1 creature vanquished.

Grand Total: 471 creatures vanquished

Notes
Turn   | Place    | Note
-------+----------+-------------------------------------------
     0 | D:1      | NotreDorf the Merfolk Gladiator began the quest for the
                  | Orb.
     0 | D:1      | Reached XP level 1. HP: 16/16 MP: 1/1
   209 | D:1      | Reached XP level 2. HP: 23/23 MP: 2/2
   478 | D:1      | Reached skill level 1 in Stealth
   753 | D:2      | Reached XP level 3. HP: 24/28 MP: 3/3
  1116 | D:2      | Noticed Natasha
  1124 | D:2      | Killed Natasha
  1125 | D:2      | Reached XP level 4. HP: 19/35 MP: 4/4
  1303 | D:2      | Noticed Natasha
  1311 | D:2      | Killed Natasha
  1426 | D:2      | Noticed Natasha
  1430 | D:2      | Killed Natasha
  1431 | D:2      | Reached skill level 5 in Polearms
  1431 | D:2      | Reached skill level 5 in Dodging
  1431 | D:2      | Reached XP level 5. HP: 41/41 MP: 5/5
  1628 | D:3      | Found a blossoming altar of Fedhas.
  1630 | D:3      | Noticed an ogre
  1631 | D:3      | Found a white marble altar of Elyvilon.
  1642 | D:3      | Killed an ogre
  1643 | D:3      | Reached XP level 6. HP: 23/48 MP: 6/6
  1646 | D:3      | Found a glowing golden altar of the Shining One.
  1733 | D:3      | Found a shimmering blue altar of Sif Muna.
  1757 | D:3      | Identified the +5 quarterstaff "Parhil" {flame, *Slow
                  | +Blink rN+ Int+3}
  1834 | D:3      | Found the +1 Delatra's gloves {ID++}
  1976 | D:3      | Noticed Grinder
  1989 | D:3      | Paralysed by Grinder for 3 turns
  2001 | D:3      | Killed Grinder
  2002 | D:3      | Reached XP level 7. HP: 18/55 MP: 7/7
  2159 | D:3      | Noticed Jessica
  2176 | D:3      | Killed Jessica
  2177 | D:3      | You fall into a shaft and drop 3 floors!
  2189 | D:5      | Entered Level 5 of the Dungeon
  2189 | D:5      | Found Ecwotou's Firing Range.
  2315 | D:5      | Found a staircase to the Ecumenical Temple.
  2321 | Temple   | Entered the Ecumenical Temple
  2350 | Temple   | Became a worshipper of Trog the Wrathful
  2570 | D:5      | Reached skill level 5 in Fighting
  2794 | D:5      | Reached skill level 5 in Stealth
  2794 | D:5      | Reached XP level 8. HP: 40/62 MP: 8/8
  3340 | D:4      | Noticed Edmund
  3340 | D:4      | Found a sparkling altar of Nemelex Xobeh.
  3394 | D:4      | Killed Edmund
  3791 | D:3      | Found a hide-covered altar of Uskayaw.
  3841 | D:3      | Reached * piety under Trog
  4423 | D:4      | Noticed Dowan
  4426 | D:4      | Noticed Duvessa
  4441 | D:4      | Killed Dowan
  4450 | D:4      | Killed Duvessa
  4936 | D:5      | Reached XP level 9. HP: 52/71 MP: 9/9
  5019 | D:5      | Found a burning altar of Makhleb.
  5019 | D:5      | Found a snail-covered altar of Cheibriados.
  5019 | D:5      | Found a hazy altar of Hepliaklqana.
  5019 | D:5      | Found a shadowy altar of Dithmenos.
  5019 | D:5      | Found a hide-covered altar of Uskayaw.
  5019 | D:5      | Found a burning altar of Makhleb.
  5053 | D:5      | Reached ** piety under Trog
  5368 | D:6      | Found a radiant altar of Vehumet.
  5900 | D:6      | Found a runed translucent door.
  5901 | D:6      | Noticed Crazy Yiuf
  6299 | D:7      | Noticed Pikel
  6308 | D:7      | Killed Pikel
  6309 | D:7      | Reached skill level 10 in Dodging
  6309 | D:7      | Reached XP level 10. HP: 70/80 MP: 10/10
  6326 | D:7      | Reached skill level 10 in Polearms
  6495 | D:7      | Reached *** piety under Trog
  7452 | D:8      | Found a snail-covered altar of Cheibriados.
  7887 | D:8      | HP: 3/82 [steam dragon/ball of steam (6)]
  8580 | D:9      | Reached **** piety under Trog
  8829 | D:9      | Reached XP level 11. HP: 83/89 MP: 11/11
  9754 | D:9      | Reached skill level 10 in Stealth
  9836 | D:9      | Noticed a two-headed ogre
  9849 | D:9      | Killed a two-headed ogre
 10017 | D:10     | Entered Level 10 of the Dungeon
 10026 | D:10     | Reached ***** piety under Trog
 10413 | D:10     | Reached skill level 10 in Fighting
 10779 | D:10     | Identified the +6 shortbow "Ithid" {freeze, Fly}
 10949 | D:11     | Found a staircase to the Orcish Mines.
 11009 | D:11     | Found a large runed translucent door.
 11010 | D:11     | Found a large runed translucent door.
 11014 | D:11     | Noticed a deep elf pyromancer
 11031 | D:11     | Noticed a two-headed ogre
 11033 | D:11     | Noticed a manticore
 11038 | D:11     | Noticed a skeletal warrior
 11041 | D:11     | Killed a two-headed ogre
 11045 | D:11     | Killed a skeletal warrior
 11049 | D:11     | Killed a manticore
 11049 | D:11     | Received a gift from Trog
 11330 | D:11     | Found a staircase to the Lair.
 11335 | D:11     | Noticed a manticore
 11344 | D:11     | Killed a manticore
 11454 | D:11     | Reached XP level 12. HP: 99/99 MP: 12/12
 11570 | D:11     | Found a large runed translucent door.
 11572 | D:11     | Found a large runed translucent door.
 11619 | D:11     | Identified the ring "Cepnir" {^Drain +Blink rPois rCorr
                  | Str+6}
 11746 | Lair:1   | Entered Level 1 of the Lair of Beasts
 11807 | Lair:1   | Noticed a death yak
 11810 | Lair:1   | Noticed a death yak
 11810 | Lair:1   | Noticed a death yak
 11810 | Lair:1   | Noticed a death yak
 11840 | Lair:1   | Killed a death yak
 11853 | Lair:1   | Killed a death yak
 11858 | Lair:1   | Killed a death yak
 11860 | Lair:1   | Killed a death yak
 13135 | Lair:2   | Found a staircase to the Shoals.
 13253 | Lair:2   | Identified the +2 robe of Gluttony {rF- Str+2 Stlth+}
 13722 | Lair:3   | Noticed a seven-headed hydra
 13730 | Lair:3   | Killed a four-headed hydra
 14137 | Lair:2   | Reached XP level 13. HP: 97/108 MP: 13/13
 14253 | Lair:3   | Received a gift from Trog
 14446 | Lair:3   | Found an ornate altar of the Wu Jian Council.
 14448 | Lair:3   | Found a hide-covered altar of Uskayaw.
 14581 | Lair:3   | Found a hole to the Spider Nest.
 15180 | Lair:4   | Identified the +5 quarterstaff of the Dwarven Hall {flame,
                  | ^Contam Str+3 Int+3}
 15210 | Lair:4   | Reached skill level 15 in Dodging
 15214 | Lair:4   | Reached skill level 15 in Polearms
 15948 | Lair:4   | Found a staircase to the Slime Pits.
 15952 | Lair:4   | Found a viscous altar of Jiyva.
 16404 | Lair:5   | Entered Level 5 of the Lair of Beasts
 16926 | Lair:5   | Reached XP level 14. HP: 97/118 MP: 14/14
 17337 | Lair:5   | Identified a scroll of acquirement
 17560 | Lair:5   | Identified the +1 long sword of Fysul {elec, *Noise rPois
                  | Stlth+}
 17605 | Lair:5   | Identified the +6 falchion "Cacag" {holy, rF+ Will+ Str+3}
 17616 | Lair:5   | Identified the staff of the Middle {rElec Int+3 Earth}
 17927 | Lair:5   | Identified the +3 morningstar "Imp's Death Toll" {flame,
                  | rN+++ Int-2 Dex+4}
 18221 | Lair:5   | Acquired a +1 demon trident of freezing
 18335 | Shoals:1 | Entered Level 1 of the Shoals
 18437 | Shoals:1 | Received a gift from Trog
 18438 | Shoals:1 | Reached skill level 1 in Shields
 18650 | Shoals:1 | Slain by a merfolk

Illustrated notes

Levels and vault maps discovered:
D:1:      minmay_arrival_stair_chambers, layout_basic
D:2:      minmay_chambers_of_ones, layout_basic, uniq_natasha
D:3:      layout_loops_corners, eat_drink_and_be_merry_uskayaw,
          nicolae_overflow_macrodata_refinement, minmay_misc_feat_roman,
          pf_guarded_unrand_delatra, uniq_grinder, uniq_jessica
D:4:      layout_cave_pools, nemelex_xobeh_ov_fountains_minmay,
          mainiacjoe_sewer_entry_somewhere_in_here_2, uniq_edmund, uniq_duvessa
D:5:      cheibrodos_fertilizer, layout_basic, minmay_temple_entry_hall,
          nicolae_shop_firing_range
D:6:      layout_rooms, vehumet_crystals,
          mainiacjoe_ossuary_entry_find_the_door, uniq_crazy_yiuf_cottage
D:7:      layout_basic, uniq_pikel
D:8:      layout_rooms, slow_altar_1, serial_co_window_serial,
          co_window_paths_b, co_window_cross_1, co_window_paths_a,
          co_window_paths_a, co_window_corner_a, co_window_broadway_a,
          co_window_broadway_c, co_window_unsneaky_path_e,
          co_window_of_opportunity_b, co_window_broadway_b, co_window_corner_ca,
          glass_columns_a, glass_columns_a, glass_columns_b, glass_columns_a
D:9:      layout_cave_pools, grunt_ministairs_15
D:10:     layout_long_grid
D:11:     layout_rooms, lair_entry_dummy, david_orc_2,
          minmay_hollow_rounded_squares
Temple:   jpeg_temple_clearing
Lair:1:   layout_regular_city, grunt_megastairs_4
Lair:2:   layout_regular_city, minmay_shoals_entry_centaurs, lemuel_fruit_fields
Lair:3:   layout_misc_corridors, hellmonk_spider_entry_not_the_bees,
          nzn_masters_of_martial_movement
Lair:4:   layout_regular_city, slime_entry_1
Lair:5:   gammafunk_lair_ancient_temple, layout_regular_city,
          serial_bayou_pond_a
Shoals:1: cheibrodos_shoals_satyrical_garden, layout_shoals,
          nicolae_shoals_nautilus_by_nature, nicolae_shoals_spectral_cove

Skill      XL: |  1  2  3  4  5  6  7  8  9 10 11 12 13 14 |
---------------+-------------------------------------------+-----
Stealth        | 1 2 3 4 5 6 8 9 11 12 14 | 14.8
Fighting       | 3 4 5 6 7 9 10 12 13 | 13.9
Polearms       | 5 6 8 9 11 12 14 15 16 | 16.5
Dodging        | 5 6 8 10 11 12 14 15 16 | 16.6
Shields        | 1 |  1.4
Throwing       | |  2.0

Action                     |  1- 3 |  4- 6 |  7- 9 | 10-12 | 13-15 || total
---------------------------+-------+-------+-------+-------+-------++-------
  Melee: Trident           |   103 |    75 |   118 |       |       ||   296
         Halberd           |       |       |   271 |   321 |   268 ||   860
         Glaive            |       |       |       |   401 |   169 ||   570
         Tailslap          |       |       |       |       |     8 ||     8
         Demon trident     |       |       |       |       |    17 ||    17
         Bardiche          |       |       |       |       |     7 ||     7
  Throw: Throwing net      |       |     1 |       |       |       ||     1
         Javelin           |       |       |     1 |     1 |       ||     2
    Use: Potion            |       |     1 |     7 |     3 |     3 ||    14
         Scroll            |       |       |       |    12 |     6 ||    18
   Stab: Sleeping          |     4 |     3 |    17 |    22 |    12 ||    58
         Distracted        |     1 |       |     1 |     6 |     2 ||    10
 Armour: Leather armour    |    24 |    22 |    79 |       |       ||   125
         Robe              |       |       |    52 |   339 |   261 ||   652
         Skin              |       |       |       |       |    27 ||    27
  Dodge: Dodged            |    54 |    35 |   320 |   801 |   454 ||  1664
  Block: Kite shield       |       |       |       |       |     4 ||     4
